 Dungeon Crawl Stone Soup version 0.30-a0-777-ga9a30cbeda (webtiles) character file.

Game seed: 12887748834267604291

355 Khashishi the Stinger (level 6, -16/49 HPs)
             Began as a Naga Venom Mage on Feb 13, 2023.
             Demolished by an ogre
             ... wielding a +0 giant club
              (27 damage)
             ... on level 4 of the Dungeon.
             The game lasted 00:14:35 (2675 turns).

Khashishi the Stinger (Naga Venom Mage)             Turns: 2675, Time: 00:14:36

Health: -16/49     AC:  3    Str: 10    XL:     6   Next: 63%
Magic:  3/11       EV:  9    Int: 18    God:
Gold:   158        SH:  0    Dex: 11    Spells: 1/11 levels left

rFire   . . .      SeeInvis +    f - +2 dagger (venom)
rCold   . . .      Faith    .    (no shield)
rNeg    . . .      Spirit   .    a - +0 robe
rPois   +          Reflect  .    (no helmet)
rElec   .          Harm     .    (no cloak)
rCorr   .          Rampage  .    (no gloves)
Will    .....                    (no barding)
Stlth   +++                      (no amulet)
HPRegen 0.28/turn                (no ring)
MPRegen 0.12/turn                (no ring)

@: about to teleport, very slightly contaminated, very slow
A: AC +2, large, see invisible, deformed body, poison resistance, slowness 2,
spit poison 1, naga tail 1
a: Spit Poison


You were on level 4 of the Dungeon.
You visited 1 branch of the dungeon, and saw 4 of its levels.

You collected 158 gold pieces.

Inventory:

Hand Weapons
 f - a +2 dagger of venom (weapon)
Armour
 a - a +0 robe (worn)
Magical Staves
 g - a staff of conjuration
Jewellery
 c - a ring of ice
Scrolls
 e - a scroll of vulnerability {unknown}
 h - a scroll of identify
 j - 2 scrolls of teleportation
 k - a scroll of immolation {unknown}
 s - a scroll of magic mapping
 u - a scroll of poison {unknown}
Potions
 b - a potion of magic
 d - 3 potions of invisibility {unknown}
 i - a potion of curing {unknown}
 l - 2 potions of degeneration {unknown}
 m - a potion of mutation {unknown}
 n - a potion of cancellation {unknown}
 o - a potion of flight {unknown}
 p - a potion of berserk rage {unknown}
 q - a potion of might {unknown}
 t - a potion of brilliance {unknown}


   Skills:
 - Level 1.5 Dodging
 + Level 5.5 Stealth
 + Level 3.3 Spellcasting
 + Level 3.1 Transmutations
 - Level 2.0 Air Magic
 + Level 5.6 Poison Magic


You had one spell level left.
You knew the following spells:

 Your Spells              Type           Power      Damage    Failure   Level
a - Sting                 Tmut/Pois      72%        1d6       2%          1
b - Poisonous Vapours     Pois/Air       32%        N/A       4%          2
c - Mephitic Cloud        Conj/Pois/Air  12%        N/A       17%         3
d - Olgreb's Toxic Radia  Pois           23%        N/A       16%         4

Your spell library contained the following spells:

 Spells                   Type           Power      Damage    Failure   Level


Dungeon Overview and Level Annotations

Branches:
Dungeon (4/15)
 Temple: D:4-7

Altars:
Elyvilon
Makhleb

Shops:
D:2 *[=


Innate Abilities, Weirdness & Mutations

Your serpentine skin is tough. (AC +2)
You have supernaturally acute eyesight. (SInv)
Armour fits poorly on your strangely shaped body.
Your system is resistant to poisons. (rPois)
You cover ground very slowly.
You can spit poison.
You have a snake-like lower body.


Message History

Aim: an ogre, wielding a +0 giant club (chance to affect: 49%)
The ogre resists with some effort.
You feel sick.
Aiming: Charm
Press: ? - help, Shift-Dir - straight line, f/p - ogre
Aim: an ogre, wielding a +0 giant club (chance to affect: 49%)
The ogre resists with some effort.
You feel sick.
The ogre hits you with a +0 giant club!!
Ouch! That really hurt!
* * * LOW HITPOINT WARNING * * *
Aiming: Charm
Press: ? - help, Shift-Dir - straight line, f/p - ogre
Aim: an ogre, wielding a +0 giant club (chance to affect: 49%)
The ogre resists with some effort.
The now-empty wand crumbles to dust.
You feel sick. The ogre barely misses you.
You aren't carrying any items that you can evoke.
Press: ? - help, v - describe, . - travel
Here: an ogre, wielding a +0 giant club The floor.
Unknown command.
Unknown command.
Casting: Mephitic Cloud (dangerous; 17% risk of failure)
Confirm with . or Enter, or press ? or * to list all spells.
Okay, then.
Unknown command.
Unknown command.
As you read the scroll labelled KEAZINKIATUN, it crumbles to dust.
You feel aware of your surroundings.
You sensed 1 altar.
It was a scroll of magic mapping.
You feel sick.
As you read the scroll labelled GAEM LORALEICW, it crumbles to dust.
It is a scroll of identify.
j - 3 scrolls of teleportation You feel sick.
You are no longer poisoned.
The ogre closely misses you.
As you read the scroll of teleportation, it crumbles to dust.
You feel strangely unstable. The ogre completely misses you.
The ogre attacks as you move away!
The ogre hits you with a +0 giant club!!
Ouch! That really hurt!
You die...

*,*,*.#,#.#.....#.....###(
*,*,*,*.#.#......#.###.#..
**,*,*,*.#.#.....###...#...
*,,,*,,,#...#.###.#....#...
*,,,*,>,*...##...#.....#...
**,,,*,,,*...#....#....#)###
**,*,*,*,*,#.#.....#...###...
*,**,*,*,*,#.#....#.###.#....
**,*,*,*,*,#@#...###...#.....
**,*,,,#..O#g###.#....#....#
***,,,#...##.†.#..>..#...##
**,,,#..)#....#....#.###.#
*,*,#.#.#....)#...###...#.
*,*,#.#.#....#.###.#....##
*,*,#,#.#...###...#.....#
****,,.#.###.#....#....##
*,,,##,,,#....)#...##*


You could see an ogre and a gnoll.

Vanquished Creatures
  Blork the orc (D:4)
  A howler monkey (D:4)
  Jessica (D:2)
  Ijyb (D:3)
  An iguana (D:4)
  Terence (D:3)
  6 gnolls
  3 adders
  2 worms
  2 orcs
  7 bats
  5 endoplasms
  A giant cockroach (D:1)
  6 goblins
  3 hobgoblins
  3 jackals (D:1)
  2 kobolds
  A quokka (D:2)
  4 ball pythons
  2 frilled lizards
  5 rats
58 creatures vanquished.

Vanquished Creatures (others)
  2 plants (D:3)
2 creatures vanquished.

Grand Total: 60 creatures vanquished

Notes
Turn   | Place    | Note
-------+----------+-------------------------------------------
     0 | D:1      | Khashishi the Naga Venom Mage began the quest for the Orb.
     0 | D:1      | Reached XP level 1. HP: 15/15 MP: 3/3
   123 | D:1      | Reached XP level 2. HP: 3/22 MP: 0/5
   713 | D:2      | Found Nihinasa's Antique Armour Shop.
   735 | D:2      | Noticed Jessica
   739 | D:2      | Killed Jessica
   740 | D:2      | Reached XP level 3. HP: 20/28 MP: 6/6
   750 | D:2      | Learned a level 2 spell: Poisonous Vapours
   761 | D:2      | Learned a level 3 spell: Mephitic Cloud
   824 | D:2      | Found Goazoron's Jewellery Boutique.
   836 | D:2      | Found a burning altar of Makhleb.
   877 | D:2      | Found a faded altar of an unknown god.
   998 | D:2      | Reached XP level 4. HP: 36/36 MP: 7/7
  1193 | D:2      | Found Nura's General Store.
  1674 | D:3      | Reached skill level 1 in Air Magic
  1946 | D:3      | Noticed Terence
  1953 | D:3      | Killed Terence
  1954 | D:3      | Reached skill level 5 in Poison Magic
  1954 | D:3      | Reached XP level 5. HP: 42/42 MP: 6/9
  2007 | D:3      | Noticed Ijyb
  2017 | D:3      | Killed Ijyb
  2333 | D:4      | Learned a level 4 spell: Olgreb's Toxic Radiance
  2338 | D:4      | Found a white marble altar of Elyvilon.
  2344 | D:4      | Reached skill level 5 in Stealth
  2369 | D:4      | Reached XP level 6. HP: 41/49 MP: 7/10
  2428 | D:4      | Noticed Blork the orc
  2440 | D:4      | Killed Blork the orc
  2675 | D:4      | Demolished by an ogre

Illustrated notes

Levels and vault maps discovered:
D:1:      evilmike_arrival_rings, layout_basic
D:2:      layout_basic, dreamdust_ecumenical_altar_statues, serial_shops, shop,
          nicolae_shop_trees, nicolae_shop_statue_plus, basic_altar,
          uniq_jessica
D:3:      layout_rooms, serial_forest, infiniplex_forest_lined_2,
          infiniplex_forest_3_way, infiniplex_forest_lined_room_2,
          infiniplex_forest_lined_room_3, infiniplex_forest_end_3,
          infiniplex_forest_end_double, infiniplex_forest_lined_room_2,
          infiniplex_forest_lined_3, infiniplex_forest_clump_cross,
          uniq_terence, uniq_ijyb
D:4:      nicolae_BIG_FREAKIN_CUBE, layout_loops_ring, nzn_wu_jian_council_hall,
          elyvilon_altar_5, serial_park_tiny_1, uniq_blork_the_orc

Skill      XL: |  1  2  3  4  5  6 |
---------------+-------------------+-----
Stealth        | 4 5 |  5.5
Transmutations | 2 3 |  3.1
Air Magic      | 1 2 |  2.0
Poison Magic   | 5 |  5.6
Spellcasting   | 3 |  3.3
Dodging        | |  1.5

Action                     |  1- 3 |  4- 6 || total
---------------------------+-------+-------++-------
  Melee: Hand axe          |     5 |       ||     5
         Unarmed           |     1 |       ||     1
         Dagger            |     5 |    28 ||    33
         Short sword       |     1 |       ||     1
   Cast: Sting             |    22 |    11 ||    33
         Poisonous Vapours |       |    12 ||    12
         Mephitic Cloud    |       |     4 ||     4
Ability: Spit Poison       |    19 |    27 ||    46
  Evoke: Wand              |       |     4 ||     4
    Use: Scroll            |       |     3 ||     3
   Stab: Sleeping          |     4 |     9 ||    13
         Confused          |       |     1 ||     1
 Armour: Robe              |     2 |     4 ||     6
  Dodge: Dodged            |    16 |    13 ||    29

Table legend: (Time is in decaauts)
 A = Elapsed time spent in this place.
 B = Non-inter-level travel time spent in this place.
 C = Inter-level travel time spent in this place.
 D = Time resting spent in this place.
 E = Time spent auto-exploring this place.
 F = Levels seen in this place.
 G = Mean time per level.
                   A        B        C        D        E       F      G
               +--------+--------+--------+--------+--------+-----+--------+
         Total |   3552 |   3471 |     81 |    245 |   2545 |   4 |  888.0 |
       Dungeon |   3552 |   3471 |     81 |    245 |   2545 |   4 |  888.0 |
               +--------+--------+--------+--------+--------+-----+--------+

Top non-repeatable levels by time:
     D:2: 1242 daAuts
     D:1: 958 daAuts
     D:3: 916 daAuts
     D:4: 434 daAuts
